 Dungeon Crawl Stone Soup version 0.22.1-1-ga44c0e5 (webtiles) character file.

51 magicm the Skirmisher (level 3, 0/29 HPs)
             Began as a Demonspawn Chaos Knight on Nov 10, 2018.
             Slain by a river rat (2 damage)
             ... in a sewer.
             The game lasted 00:06:24 (909 turns).

magicm the Skirmisher (Demonspawn Chaos Knight)      Turns: 909, Time: 00:06:24

Health: 0/29       AC:  6    Str: 13    XL:     3   Next: 57%
Magic:  3/3        EV: 14    Int: 13    God:    Xom [...*..]
Gold:   51         SH:  0    Dex: 12    Spells: 2/2 levels left

rFire    . . .     SeeInvis .   a - +0 falchion (chaos)
rCold    . . .     Gourm    .   (no shield)
rNeg     . . .     Faith    .   b - +3 leather armour
rPois    .         Spirit   .   (helmet restricted)
rElec    .         Reflect  .   (no cloak)
rCorr    .         Harm     .   (no gloves)
MR       .....                  (no boots)
Stlth    +.........             (no amulet)
HPRegen  0.09/turn              j - +3 ring of evasion
MPRegen  0.08/turn              (no ring)

@: no status effects
A: antennae 1, demonic guardian 1
a: Renounce Religion


You were in a sewer.
You worshipped Xom.
You were a favourite toy of Xom.
You were not hungry.

You visited 1 branch of the dungeon, and saw 3 of its levels.
You also visited: Sewer.

You collected 51 gold pieces.

Inventory:

Hand Weapons
 a - a +0 falchion of chaos (weapon)
Armour
 b - a +3 leather armour (worn)
 i - a +0 ring mail
Jewellery
 e - a cursed -2 ring of strength {unknown}
 g - an uncursed amulet of the gourmand {unknown}
 j - a +3 ring of evasion (left hand)
Scrolls
 d - a scroll of magic mapping
 h - a scroll of enchant armour
Potions
 f - a potion of flight {unknown}
 k - a potion of cancellation {unknown}
Comestibles
 c - 3 rations


   Skills:
 + Level 3.6 Fighting
 + Level 3.5 Long Blades
 + Level 1.9 Armour
 + Level 1.1 Dodging
 + Level 0.2 Stealth


You had 2 spell levels left.
You didn't know any spells.
Your spell library was empty.

Dungeon Overview and Level Annotations

Branches:
Dungeon (3/15)

Altars:


Innate Abilities, Weirdness & Mutations

You have a pair of small antennae on your head.
A weak demonic guardian rushes to your aid.


Message History

You hit the rat. You freeze the rat.
You kill the rat!
The river rat bites you.
* * * LOW HITPOINT WARNING * * *
You slash the river rat!
The river rat is severely wounded.
The river rat barely misses you.
You riposte.
You completely miss the river rat.
The river rat is severely wounded.
The river rat barely misses you.
You riposte.
You closely miss the river rat.
The river rat is severely wounded.
You hit the river rat but do no damage.
The river rat is severely wounded.
The river rat barely misses you.
You riposte.
You barely miss the river rat.
The river rat is severely wounded.
You barely miss the river rat.
The river rat is severely wounded.
The river rat bites you.
You die... "This toy is broken."

≈≈≈≈≈≈≈≈≈≈≈≈≈≈≈≈≈≈≈
≈≈≈≈≈≈≈≈≈≈≈≈≈≈≈≈≈≈≈≈
≈≈≈≈≈≈.......≈≈≈≈≈≈≈
≈≈≈≈≈...........≈≈≈≈
...................≈
....................
....................
#..........@†......
##.......##.r......
#...##..#####......
∩..# ##..### ##...#
## ##..∩# ### #####


You could see a river rat.

Vanquished Creatures
  A worm (D:3)
  A leopard gecko (D:2)
  An orc (D:3)
  6 giant cockroaches
  9 hobgoblins
  2 jackals (D:3)
  2 ball pythons
  2 bats (D:1)
  4 frilled lizards (D:1)
  5 goblins
  3 kobolds (D:1)
  6 rats
42 creatures vanquished.

Notes
Turn   | Place    | Note
-------+----------+-------------------------------------------
     0 | D:1      | magicm the Demonspawn Chaos Knight began the quest for the
                  | Orb.
     0 | D:1      | Reached XP level 1. HP: 18/18 MP: 1/1
   111 | D:1      | Gained mutation: A weak demonic guardian rushes to your
                  | aid. [demonic ancestry]
   111 | D:1      | Reached XP level 2. HP: 15/24 MP: 2/2
   180 | D:1      | Reached skill level 1 in Dodging
   225 | D:1      | XOM: divination: detect creatures
   491 | D:2      | Gained mutation: You have a pair of small antennae on your
                  | head. [demonic ancestry]
   491 | D:2      | Reached XP level 3. HP: 20/29 MP: 3/3
   494 | D:2      | XOM: divination: magic mapping
   562 | D:2      | XOM: silly message
   642 | D:3      | XOM: god gift: knobbly gilded ring {god gift}
   788 | D:3      | Found a glowing drain.
   822 | Sewer    | Entered a sewer
   909 | Sewer    | Slain by a river rat

Skill      XL: |  1  2 |
---------------+-------+-----
Long Blades    | 3 |  3.5
Dodging        | 1 |  1.1
Fighting       | |  3.6
Armour         | |  1.9
Stealth        | |  0.2

Action                   || total
-------------------------++-------
Melee: Falchion          ||    97
  Use: Scroll            ||     4
 Stab: Paralysed         ||     1
Armor: Leather armour    ||    56
Dodge: Dodged            ||    74
       Rpst.: Falchion   ||    27
